 Dungeon Crawl Stone Soup version 0.23-a0-481-g60b89c1 (webtiles) character file.

154 Lavandula the Vandal (level 5, 0/31 HPs)
             Began as a Halfling Enchanter on Nov 30, 2018.
             Slain by an ogre
             ... wielding a +0 giant spiked club
              (10 damage)
             ... on level 4 of the Dungeon.
             The game lasted 00:13:51 (2166 turns).

Lavandula the Vandal (Halfling Enchanter)           Turns: 2166, Time: 00:13:52

Health: 0/31       AC:  3    Str:  9    XL:     5   Next: 62%
Magic:  1/8        EV: 15    Int: 16    God:
Gold:   101        SH:  0    Dex: 15    Spells: 2/8 levels left

rFire    . . .     SeeInvis .   a - +1 dagger
rCold    . . .     Gourm    .   (shield restricted)
rNeg     . . .     Faith    .   b - +0 robe
rPois    .         Spirit   .   (no helmet)
rElec    .         Reflect  .   (no cloak)
rCorr    .         Harm     .   (no gloves)
MR       .....                  m - +0 pair of boots
Stlth    ++........             (no amulet)
HPRegen  0.10/turn              c - +4 ring of intelligence
MPRegen  0.11/turn              w - -2 ring of intelligence (curse)

@: no status effects
A: small, mutation resistance 1
a: no special abilities


You were on level 4 of the Dungeon.
You were hungry.

You visited 1 branch of the dungeon, and saw 4 of its levels.

You collected 101 gold pieces.

Inventory:

Hand Weapons
 a - a +1 dagger (weapon)
 h - a +0 whip
 k - a +0 trident
 o - a +0 spear
 p - a +1 war axe of draining
 y - a +0 hunting sling
Missiles
 g - 18 bolts
 r - 79 arrows
 s - 86 stones (quivered)
 u - 2 tomahawks
Armour
 b - a +0 robe (worn)
 m - a +0 pair of boots (worn)
Jewellery
 c - a +4 ring of intelligence (left hand)
 w - a cursed -2 ring of intelligence (right hand)
Scrolls
 f - a scroll of amnesia
 j - 2 scrolls of teleportation {unknown}
 l - a scroll of immolation {unknown}
 n - 2 scrolls of identify {unknown}
 v - a scroll of noise {unknown}
 x - a scroll of enchant armour {unknown}
Potions
 e - a potion of degeneration {unknown}
 i - a potion of might
 q - a potion of agility {unknown}
 t - 2 potions of curing
 z - a potion of invisibility {unknown}
Comestibles
 d - 10 rations


   Skills:
 - Level 3.2 Short Blades
 + Level 4.0(4.5) Slings
 - Level 2.1(2.8) Throwing
 - Level 2.1 Dodging
 - Level 3.2 Stealth
 - Level 2.1 Spellcasting
 - Level 2.4 Hexes


You had 2 spell levels left.
You knew the following spells:

 Your Spells              Type           Power        Failure   Level  Hunger
a - Corona                Hex            #......      8%          1    #......
b - Ensorcelled Hibernat  Hex/Ice        #.....       19%         2    ###....
c - Confuse               Hex            #.......     22%         3    ###....

Your spell library contained the following spells:

 Spells                   Type           Power        Failure   Level  Hunger
 Tukima's Dance           Hex            #.......     22%         3    ###....
 Dazzling Spray           Conj/Hex       #.....       36%         3    ###....


Dungeon Overview and Level Annotations

Branches:
Dungeon (4/15)
 Temple: D:4-7

Altars:
Kikubaaqudgha
Makhleb
Nemelex Xobeh
The Shining One

Annotations:
D:4 1 transporter, Garbasso's ghost, amateur OgSk


Innate Abilities, Weirdness & Mutations

You are small and have problems with some larger weapons.
You are somewhat resistant to further mutation.


Message History

The ogre easily resists.
The ogre hits you with a +0 giant spiked club!!
Ouch! That really hurt!
* * * LOW HITPOINT WARNING * * *
Casting: Ensorcelled Hibernation (safe; 19% risk of failure)
Confirm with . or Enter, or press ? or * to list all spells.
Aiming: Ensorcelled Hibernation (safe; 19% risk of failure)
Press: ? - help, Shift-Dir - straight line, f/p - ogre
Aim: an ogre, wielding a +0 giant spiked club (lightly wounded, softly glowing, The ogre easily resists.
The ogre closely misses you.
You barely miss the ogre.
The ogre is lightly wounded.
Casting: Ensorcelled Hibernation (safe; 19% risk of failure)
Confirm with . or Enter, or press ? or * to list all spells.
Aiming: Ensorcelled Hibernation (safe; 19% risk of failure)
Press: ? - help, Shift-Dir - straight line, f/p - ogre
Aim: an ogre, wielding a +0 giant spiked club (lightly wounded, softly glowing, The ogre easily resists.
The ogre hits you with a +0 giant spiked club!
You die...

.....©.....###...........##
...#...#.### #...[.....###
##.##.# #.........#
#....#####.........#
####....##.........#
####............#
###.##.......#
...##########÷........##
..(.((....O@..........#
...#############.......#
#.......# #.......#
##.....## ##...## ####


You could see an ogre.

Vanquished Creatures
  A centaur skeleton (D:4)
  A worker ant (D:3)
  An adder (D:2)
  An adder zombie (D:3)
  A worm (D:4)
  3 dart slugs
  3 leopard geckos
  12 orcs
  6 bats
  3 giant cockroaches
  7 goblins
  4 hobgoblins
  4 jackals
  A quokka (D:2)
  3 ball pythons
  3 frilled lizards
  4 kobolds
  A quokka skeleton (D:4)
  3 rats
62 creatures vanquished.

Notes
Turn   | Place    | Note
-------+----------+-------------------------------------------
     0 | D:1      | Lavandula the Halfling Enchanter began the quest for the
                  | Orb.
     0 | D:1      | Reached XP level 1. HP: 11/11 MP: 3/3
    79 | D:1      | Reached XP level 2. HP: 3/17 MP: 2/4
   293 | D:1      | You fall through a shaft!
   576 | D:2      | Noticed a phantom
   633 | D:2      | Reached XP level 3. HP: 16/21 MP: 5/5
   668 | D:1      | Learned a level 2 spell: Ensorcelled Hibernation
  1132 | D:2      | Reached skill level 1 in Throwing
  1132 | D:2      | Reached XP level 4. HP: 27/27 MP: 3/7
  1233 | D:2      | Found a faded altar of an unknown god.
  1392 | D:3      | HP: 1/27 [orc (3)]
  1646 | D:3      | Reached skill level 1 in Slings
  1672 | D:3      | Reached skill level 2 in Slings
  1672 | D:3      | Reached XP level 5. HP: 15/31 MP: 0/8
  1814 | D:3      | Found an ancient bone altar of Kikubaaqudgha.
  1828 | D:3      | Found a burning altar of Makhleb.
  1844 | D:3      | Found a sparkling altar of Nemelex Xobeh.
  1854 | D:3      | Found a glowing golden altar of the Shining One.
  1867 | D:3      | Reached skill level 3 in Slings
  1930 | D:4      | Noticed Garbasso's ghost (amateur OgSk)
  1933 | D:4      | Found a transporter.
  1969 | D:4      | Learned a level 3 spell: Confuse
  2078 | D:4      | Reached skill level 4 in Slings
  2152 | D:4      | Noticed an ogre
  2166 | D:4      | Slain by an ogre

Vault maps used:
D:1:      dpeg_arrival_oval
D:2:      first_ration, chequers_ecumenical_altar_simple
D:3:      grunt_temple_overflow_cloverleaf
D:4:      serial_shops, shop_coins, gammafunk_ghost_arena,
          minmay_misc_feat_more_columns, grunt_ministairs_11

Skill      XL: |  1  2  3  4  5 |
---------------+----------------+-----
Short Blades   | 2 3 |  3.2
Spellcasting   | 2 |  2.1
Throwing       | 1 2 |  2.1
Slings         | 2 4 |  4.0
Dodging        | |  2.1
Stealth        | |  3.2
Hexes          | |  2.4

Action                   |  1- 3 |  4- 6 || total
-------------------------+-------+-------++-------
Melee: Dagger            |    88 |     6 ||    94
       War axe           |     5 |    41 ||    46
 Fire: Hunting sling     |       |    61 ||    61
Throw: Stone             |     5 |       ||     5
 Cast: Corona            |    17 |     1 ||    18
       Ensorcelled Hiber |     9 |    14 ||    23
  Use: Potion            |     1 |     1 ||     2
       Scroll            |       |     1 ||     1
 Stab: Sleeping          |    11 |     6 ||    17
  Eat: Chunk             |     2 |     4 ||     6
Armor: Robe              |    27 |    10 ||    37
Dodge: Dodged            |    81 |    69 ||   150

Table legend:
 A = Non-vault XP
 B = Vault XP
 C = Vault XP percentage of total XP
 D = Non-vault monster count
 E = Vault monster count
 F = Vault count percentage of total count
                 A         B        C        D         E       F
            +---------+---------+-------+---------+---------+-------
      Total |     181 |      39 |  17.7 |      60 |       2 |   3.2
            +---------+---------+-------+---------+---------+-------
        D:1 |      38 |       0 |   0.0 |      18 |       0 |   0.0
        D:2 |      63 |       0 |   0.0 |      24 |       0 |   0.0
        D:3 |      32 |      34 |  51.5 |      14 |       1 |   6.7
        D:4 |      48 |       5 |   9.4 |       4 |       1 |  20.0
            +---------+---------+-------+---------+---------+-------
